 Dungeon Crawl Stone Soup version 0.30.1-11-g7821555f0a (webtiles) character file.

Game seed: 12129844788712366479

28 PlopperPlops the Stinger (level 3, 0/26 HPs)
             Began as a Draconian Venom Mage on Dec 9, 2023.
             Succumbed to an adder's poison
             ... on level 2 of the Dungeon.
             The game lasted 00:20:45 (918 turns).

PlopperPlops the Stinger (Draconian Venom Mage)      Turns: 918, Time: 00:20:46

Health: 0/26       AC:  5    Str: 10    XL:     3   Next: 0%
Magic:  5/6        EV: 12    Int: 17    God:
Gold:   73         SH:  0    Dex: 11    Spells: 5/6 levels left

rFire   . . .        e - +0 whip
rCold   . . .        (no shield)
rNeg    . . .        (body armour unavailable)
rPois   .            (helmet restricted)
rElec   .            (no cloak)
rCorr   .            (no gloves)
SInv    .            (no boots)
Will    .....        (no amulet)
Stlth   ++           (no ring)
HPRegen 0.24/turn    (no ring)
MPRegen 0.10/turn

%: no passive effects
@: lethally poisoned (0 -> -2)
A: AC +5, unfitting armour, cold-blooded
a: no special abilities


You were on level 2 of the Dungeon.
You visited 1 branch of the dungeon, and saw 2 of its levels.

You collected 73 gold pieces.

Inventory:

Hand Weapons
 e - a +0 whip (weapon)
 g - a +0 hand axe
Missiles
 d - 6 stones
Scrolls
 c - a scroll of poison {unknown}
 f - a scroll of teleportation {unknown}
 h - a scroll of torment {unknown}
Potions
 a - a potion of magic
 b - a potion of might {unknown}
 i - a potion of curing {unknown}


   Skills:
 - Level 1.7 Dodging
 - Level 1.7 Stealth
 + Level 2.4 Spellcasting
 + Level 1.8 Transmutations
 + Level 3.4 Poison Magic


You had 5 spell levels left.
You knew the following spells:

 Your Spells              Type           Power      Damage    Failure   Level
a - Sting                 Tmut/Pois      44%        1d5       6%          1

Your spell library contained the following spells:

 Spells                   Type           Power      Damage    Failure   Level
 Poisonous Vapours        Pois/Air       14%        N/A       14%         2
 Mephitic Cloud           Conj/Pois/Air  6%         N/A       34%         3
 Olgreb's Toxic Radiance  Pois           13%        N/A       41%         4


Dungeon Overview and Level Annotations

Branches:
Dungeon (2/15)

Altars:

Shops:
D:2 [


Innate Abilities, Weirdness & Mutations

Your plain brown scales are hard. (AC +5)
You cannot fit into any form of body armour.
You are cold-blooded and may be slowed by cold attacks.


Message History

The sting misses the adder.
The adder bites you but does no damage. The adder bites you.
You are poisoned.
The adder poisons you!
Casting: Sting (safe; 6% risk of failure)
Confirm with . or Enter, or press ? or * to list all spells.
Aiming: Sting (safe; 6% risk of failure)
Press: ? - help, Shift-Dir - straight line, f/p - adder
Aim: an adder (53% to hit)
The sting hits the adder but does no damage.
The adder is poisoned.
You feel sick. The adder closely misses you.
You feel sick. The adder misses you. The adder attacks as you move away!
The adder barely misses you.
You feel sick. The adder barely misses you. The adder attacks as you move away!
The adder bites you.
You are more poisoned.
The adder poisons you!
You feel sick.
You feel sick. The adder closely misses you.
The adder attacks as you move away! The adder closely misses you.
You feel sick.
You feel sick. The adder bites you.
* * * LOW HITPOINT WARNING * * *
You are lethally poisoned!
The adder poisons you!
* * * LOW HITPOINT WARNING * * *
You feel sick.
* * * LOW HITPOINT WARNING * * *
You feel sick. The adder barely misses you. The adder attacks as you move away!
The adder barely misses you.
* * * LOW HITPOINT WARNING * * *
You feel sick.
The adder looks more healthy.
The adder bites you but does no damage.
* * * LOW HITPOINT WARNING * * *
You feel sick. The adder attacks as you move away!
The adder bites you but does no damage.
* * * LOW HITPOINT WARNING * * *
You feel sick.
* * * LOW HITPOINT WARNING * * *
You feel sick. The adder closely misses you.
You die...

#.# #.....#
###.#####.....#
#.............#
#.#.....#...
#.#####.#....
#.# #... #S#
.⌠.... #.#
∩.....# #+# #@#
⌠.⌠...... #.#
#.# .....#...#
#.# #.#
.^....#...#.##
#.# #.# ....
#.####### #.#
#... #.......#
#.. ....
#######.# #.#
## #.# ### ###.
#.# ...


You could see an adder.

Vanquished Creatures
  An adder (D:2)
  A ball python (D:1)
  An endoplasm (D:2)
  A goblin (D:2)
  3 hobgoblins
  5 jackals (D:2)
  A quokka (D:2)
  A bat (D:2)
  A kobold (D:1)
  2 rats
17 creatures vanquished.

Notes
Turn   | Place    | Note
-------+----------+-------------------------------------------
     0 | D:1      | PlopperPlops the Draconian Venom Mage began the quest for
                  | the Orb.
     0 | D:1      | Reached XP level 1. HP: 14/14 MP: 3/3
   315 | D:1      | You fall into a shaft and drop 1 floor!
   344 | D:2      | Reached XP level 2. HP: 14/20 MP: 0/5
   836 | D:2      | Reached XP level 3. HP: 14/26 MP: 2/6
   900 | D:2      | Found Teekk's Antique Armour Boutique.
   916 | D:2      | HP: 1/26 [poisoned by an adder]
   918 | D:2      | Succumbed to an adder's poison

Illustrated notes

Levels and vault maps discovered:
D:1:      dpeg_arrival_water_temple_mockup, layout_loops_ring,
          serial_bayou_lagoon_b
D:2:      layout_basic, serial_shops, shop_fountains, minmay_quantized

Action                     || total
---------------------------++-------
  Melee: Whip              ||     7
         Tailslap          ||     1
   Cast: Sting             ||    23
 Armour: Skin              ||    15
  Dodge: Dodged            ||    44
